[ AOE2 MATCH · #476135800 ]
UnrankedFranks vs Cumans
[ REPLAY ANALYSIS · EXTRACTED FROM THE RECORDED GAME ]
Feudal
—
Castle
—
Imperial
—
| APM avg | 17.7 |
| APM peak | 53 |
| eAPM avg | 5.6 |
| Villagers / military | 21 / 0 |
Focus
⚔️ 0.0% · 🌾 100.0%
Feudal
—
Castle
—
Imperial
—
| APM avg | 2.6 |
| APM peak | 26 |
| eAPM avg | 1.8 |
| Villagers / military | 4 / 0 |
Focus
⚔️ 0.0% · 🌾 100.0%
Feudal
—
Castle
—
Imperial
—
| APM avg | 15.1 |
| APM peak | 29 |
| eAPM avg | 11.0 |
| Villagers / military | 26 / 0 |
Focus
⚔️ 16.2% · 🌾 83.8%
Feudal
—
Castle
—
Imperial
—
| APM avg | 0.9 |
| APM peak | 9 |
| eAPM avg | 0.9 |
| Villagers / military | 0 / 0 |
Feudal
—
Castle
—
Imperial
—
| APM avg | 19.4 |
| APM peak | 49 |
| eAPM avg | 9.0 |
| Villagers / military | 31 / 0 |
Focus
⚔️ 21.4% · 🌾 78.6%
Feudal
—
Castle
—
Imperial
—
| APM avg | 0.5 |
| APM peak | 5 |
| eAPM avg | 0.5 |
| Villagers / military | 0 / 0 |
Feudal
—
Castle
—
Imperial
—
| APM avg | 3.1 |
| APM peak | 31 |
| eAPM avg | 0.9 |
| Villagers / military | 4 / 0 |
Focus
⚔️ 0.0% · 🌾 100.0%
Feudal
—
Castle
—
Imperial
—
| APM avg | 5.7 |
| APM peak | 43 |
| eAPM avg | 2.1 |
| Villagers / military | 3 / 0 |
Focus
⚔️ 0.0% · 🌾 100.0%
Match map
Initial resources + every placement click. Lines = walls · curves = elevation contours. ◆ gold · ⬟ stone · ● berries · ✦ relic · ◌ wall gap
Your base
UTA_Boy's base
pandosopoderoso's base
MikeMike1802's base
helpsu's base
Newtonian_Sniper's base
DarklyNoon12's base
NewHanSolo's base
Smoothed initial terrain · ◌ = detected wall gap · hover for details
Inputs per minute
— Sunken7958 - - UTA_Boy
Build order — Sunken7958
28 actions detected in the replay
| 0:16 | Build | House |
| 0:19 | Build | House |
| 0:44 | Create | Villager (Male) |
| 0:45 | Create | Villager (Male) |
| 0:45 | Create | Villager (Male) |
| 0:45 | Create | Villager (Male) |
| 0:46 | Create | Villager (Male) |
| 2:10 | Create | Villager (Male) |
| 2:10 | Create | Villager (Male) |
| 2:52 | Create | Villager (Male) |
| 2:52 | Create | Villager (Male) |
| 2:53 | Create | Villager (Male) |
| 3:20 | Create | Villager (Male) |
| 3:20 | Create | Villager (Male) |
| 3:48 | Create | Villager (Male) |
| 3:48 | Create | Villager (Male) |
| 4:25 | Build | Lumber Camp |
| 4:31 | Create | Villager (Male) |
| 5:08 | Build | House |
| 6:04 | Create | Villager (Male) |
| 6:05 | Create | Villager (Male) |
| 6:36 | Create | Villager (Male) |
| 6:37 | Create | Villager (Male) |
| 6:38 | Create | Villager (Male) |
| 6:38 | Create | Villager (Male) |
| 8:05 | Build | Mill |
| 8:24 | Build | Mill |
| 9:22 | Research | Feudal Age |
Build order — UTA_Boy
7 actions detected in the replay
| 0:04 | Create | Villager (Male) |
| 0:04 | Create | Villager (Male) |
| 0:04 | Create | Villager (Male) |
| 0:04 | Create | Villager (Male) |
| 0:07 | Build | House |
| 0:10 | Build | House |
| 0:11 | Build | House |
Build order — pandosopoderoso
31 actions detected in the replay
| 0:04 | Build | House |
| 0:07 | Build | House |
| 0:08 | Create | Villager (Male) ×4 |
| 0:08 | Create | Villager (Male) ×4 |
| 1:51 | Create | Villager (Male) |
| 2:00 | Build | Lumber Camp |
| 2:09 | Create | Villager (Male) |
| 2:34 | Create | Villager (Male) |
| 2:50 | Create | Villager (Male) |
| 3:05 | Create | Villager (Male) |
| 4:00 | Create | Villager (Male) |
| 4:04 | Build | House |
| 4:05 | Build | House |
| 4:07 | Build | House |
| 4:19 | Create | Villager (Male) |
| 4:49 | Create | Villager (Male) |
| 5:04 | Build | Mill |
| 5:11 | Create | Villager (Male) |
| 5:14 | Create | Villager (Male) |
| 5:58 | Create | Villager (Male) |
| 6:22 | Build | Mill |
| 6:25 | Create | Villager (Male) |
| 6:26 | Create | Villager (Male) |
| 7:18 | Create | Villager (Male) |
| 7:18 | Create | Villager (Male) |
| 7:40 | Create | Villager (Male) |
| 8:10 | Build | Mining Camp |
| 8:20 | Create | Villager (Male) |
| 8:56 | Create | Villager (Male) |
| 9:00 | Research | Feudal Age |
| 9:11 | Build | Mining Camp |
Build order — MikeMike1802
0 actions detected in the replay
Build order — helpsu
34 actions detected in the replay
| 0:03 | Build | House |
| 0:04 | Build | House |
| 0:04 | Build | House |
| 0:07 | Create | Villager (Male) |
| 0:30 | Build | Lumber Camp |
| 0:58 | Create | Villager (Male) ×3 |
| 1:46 | Create | Villager (Male) |
| 2:13 | Create | Villager (Male) |
| 2:38 | Create | Villager (Male) |
| 3:10 | Create | Villager (Male) |
| 3:10 | Create | Villager (Male) |
| 3:10 | Create | Villager (Male) |
| 4:05 | Create | Villager (Male) |
| 4:05 | Create | Villager (Male) |
| 4:24 | Create | Villager (Male) |
| 4:33 | Build | House |
| 4:53 | Create | Villager (Male) |
| 4:53 | Create | Villager (Male) |
| 5:34 | Build | Mill |
| 5:38 | Create | Villager (Male) ×4 |
| 5:38 | Create | Villager (Male) ×4 |
| 6:14 | Create | Villager (Male) |
| 6:14 | Create | Villager (Male) |
| 7:09 | Build | Mill |
| 8:05 | Research | Loom |
| 8:22 | Build | Mining Camp |
| 8:29 | Research | Feudal Age |
| 9:04 | Create | Villager (Male) |
| 9:04 | Create | Villager (Male) |
| 9:04 | Create | Villager (Male) |
| 9:04 | Create | Villager (Male) |
| 9:16 | Build | Mill |
| 9:39 | Create | Villager (Male) |
| 9:40 | Create | Villager (Male) |
Build order — Newtonian_Sniper
0 actions detected in the replay
Build order — DarklyNoon12
3 actions detected in the replay
| 0:06 | Create | Villager (Male) ×4 |
| 0:10 | Build | House |
| 0:14 | Build | House |
Build order — NewHanSolo
8 actions detected in the replay
| 0:01 | Research | Loom |
| 0:04 | Build | House |
| 0:09 | Build | House |
| 0:29 | Create | Villager (Male) |
| 0:29 | Create | Villager (Male) |
| 0:29 | Create | Villager (Male) |
| 0:36 | Build | House |
| 1:07 | Build | Lumber Camp |
Match timeline
| 0:01 | MikeMike1802 · resign |
[ AI ANALYSIS · 1 CREDIT ]
What really happened in this match?
Wolo.gg analyzes every decision: build order, eco, micro, common mistakes by bracket. Personalized analysis on WhatsApp or Discord in 30 seconds.
Civ guide
Franks
Map guide
Arena
Perfil
Sunken7958